 Dungeon Crawl Stone Soup version 0.25-b1-46-gb8a1ec05df (webtiles) character file.

Game seed: 2118702506702056083

403 Z4ng3tsu the Covered (level 7, -1/52 HPs)
             Began as a Human Wanderer on June 9, 2020.
             Was a Follower of Okawaru.
             Slain by an ogre
             ... wielding a +0 giant club
              (16 damage)
             ... on level 4 of the Dungeon on June 10, 2020.
             The game lasted 00:27:09 (3985 turns).

Z4ng3tsu the Covered (Human Wanderer)               Turns: 3985, Time: 00:27:10

Health: -1/52      AC: 10    Str: 14    XL:     7   Next: 11%
Magic:  7/7        EV:  9    Int: 12    God:    Okawaru [*.....]
Gold:   128        SH:  0    Dex: 13    Spells: 6/6 levels left

rFire    . . .     SeeInvis .   j - +1 dagger (venom)
rCold    . . .     Gourm    .   (no shield)
rNeg     . . .     Faith    .   b - +3 scale mail
rPois    .         Spirit   .   (no helmet)
rElec    .         Reflect  .   (no cloak)
rCorr    .         Harm     .   (no gloves)
MR       .....                  (no boots)
Stlth    ..........             (no amulet)
HPRegen  0.17/turn              l - ring of flight
MPRegen  0.10/turn              (no ring)

@: no status effects
A: no striking features
a: Heroism, Renounce Religion, Evoke Flight


You were on level 4 of the Dungeon.
You worshipped Okawaru.
Okawaru was aware of your devotion.
You were not hungry.

You visited 1 branch of the dungeon, and saw 4 of its levels.

You collected 128 gold pieces.

Inventory:

Hand Weapons
 a - a +0 mace
 e - a +0 club {Test}
 f - a +0 short sword
 i - a +0 dagger
 j - a +1 dagger of venom (weapon)
 k - a +0 hand axe
 p - a +0 whip
 r - a +0 falchion
 s - a +0 short sword
 w - a +0 war axe
Missiles
 g - 106 stones (quivered)
 t - 5 atropa-tipped darts
Armour
 b - a +3 scale mail (worn)
 h - a +0 ring mail
 v - a +0 cloak
 x - a +0 leather armour
Jewellery
 l - a ring of flight (left hand)
Wands
 c - a wand of random effects (15)
 A - a wand of iceblast (11)
Scrolls
 m - a scroll of blinking
 q - a scroll of teleportation
Potions
 o - a potion of stabbing
 u - 2 potions of invisibility
 z - a potion of heal wounds {unknown}
Comestibles
 d - 5 rations


   Skills:
 + Level 3.3 Fighting
 + Level 2.8 Short Blades
 + Level 3.0(3.2) Axes
 + Level 1.8(2.7) Maces & Flails
 + Level 5.3 Armour
 + Level 1.5 Dodging
 + Level 1.1 Stealth
 + Level 1.0 Evocations


You had 6 spell levels left.
You didn't know any spells.
Your spell library was empty.

Dungeon Overview and Level Annotations

Branches:
Dungeon (4/15)
 Temple: D:4-7

Altars:
Ashenzari
Okawaru
Qazlal
Yredelemnul


Message History

Things that are here:
a +0 dagger; a +0 chain mail; an orc corpse You see here a +0 short sword.
Found 21 stones.
q - a scroll of teleportation
Found a ration.
You now have 128 gold pieces (gained 12).
d - 5 rations (gained 1)
You see here a cloak.
v - a cloak
As you read the scroll of identify, it crumbles to dust.
v - a +0 cloak
n - a scroll labeled LUMODY ECZAR
As you read the scroll labeled LUMODY ECZAR, it crumbles to dust.
It is a scroll of enchant armour.
Your +2 scale mail glows green for a moment.
You hit the ogre.
The ogre is poisoned.
The ogre is lightly wounded.
The ogre hits you with a +0 giant club!
You die...

#o###........# #.#...*
#..?O........###.##..*
######.......##..*#..##*
#.......##.#*#....##
#.......##.#####....
#........#....###...
#####.#<.........####.
##...#.................
##.....@............###.
#......O............#*#.
#..................#....
#.......#....##......###
##.....##..######..###**
#..............,..## *,,
##.......#..########***,*
##........#....###,,,,,,,*
##........#........,,,,,,,,


You could see an ogre (poisoned).

Vanquished Creatures
  A scorpion (D:4)
  2 hounds
  An orc wizard (D:4)
  4 orc priests
  Natasha (D:2)
  2 adders (D:3)
  An adder skeleton (D:4)
  4 worms
  3 leopard geckos
  14 orcs
  11 bats
  5 giant cockroaches
  4 goblins
  A hobgoblin (D:3)
  3 jackals (D:1)
  9 kobolds
  4 quokkas
  3 ball pythons
  6 frilled lizards
  7 rats
86 creatures vanquished.

Notes
Turn   | Place    | Note
-------+----------+-------------------------------------------
     0 | D:1      | Z4ng3tsu the Human Wanderer began the quest for the Orb.
     0 | D:1      | Z4ng3tsu set off with the following items: a +0 mace, a +2
                  | scale mail, a wand of random effects (15), a ration
     0 | D:1      | Reached XP level 1. HP: 16/16 MP: 1/1
   138 | D:1      | Reached XP level 2. HP: 22/22 MP: 2/2
   591 | D:1      | Reached XP level 3. HP: 27/27 MP: 3/3
  1171 | D:2      | Reached skill level 1 in Maces & Flails
  1171 | D:2      | Reached skill level 4 in Armour
  1171 | D:2      | Reached XP level 4. HP: 29/34 MP: 4/4
  1848 | D:2      | Found a shattered altar of Ashenzari.
  2072 | D:2      | Noticed Natasha
  2084 | D:2      | Killed Natasha
  2084 | D:2      | Reached XP level 5. HP: 22/39 MP: 5/5
  2443 | D:3      | Reached skill level 1 in Short Blades
  2831 | D:3      | Found a basalt altar of Yredelemnul.
  2839 | D:3      | Found an iron altar of Okawaru.
  2844 | D:3      | Became a worshipper of Warmaster Okawaru
  2848 | D:3      | Found a stormy altar of Qazlal.
  3533 | D:3      | Reached XP level 6. HP: 45/46 MP: 6/6
  3560 | D:4      | Reached skill level 5 in Armour
  3574 | D:4      | Reached skill level 1 in Dodging
  3654 | D:4      | Noticed an ogre
  3703 | D:4      | Reached * piety under Okawaru
  3703 | D:4      | Reached XP level 7. HP: 7/52 MP: 7/7
  3704 | D:4      | HP: 2/52 [orc/+0 club (5)]
  3985 | D:4      | Slain by an ogre

Illustrated notes

Levels and vault maps discovered:
D:1:      giann_wishing_wells, layout_basic, hangedman_decor_push,
          corexii_hall_statues_u, minmay_misc_feat_doors
D:2:      layout_basic, lemuel_crystal_altar, uniq_natasha
D:3:      layout_basic, grunt_temple_overflow_diamond, first_ration,
          kennysheep_generic_room_9
D:4:      layout_rooms, old_standard_altar

Skill      XL: |  1  2  3  4  5  6 |
---------------+-------------------+-----
Maces & Flails | 1 |  1.8
Armour         | 4 5 |  5.3
Short Blades   | 1 2 |  2.8
Dodging        | 1 |  1.5
Fighting       | 3 |  3.3
Axes           | |  3.0
Stealth        | |  1.1
Evocations     | |  1.0

Action                   |  1- 3 |  4- 6 |  7- 9 || total
-------------------------+-------+-------+-------++-------
Melee: Mace              |    46 |       |       ||    46
       Dagger            |    51 |   209 |    15 ||   275
Throw: Stone             |     1 |       |       ||     1
  Use: Potion            |     2 |     1 |       ||     3
       Scroll            |     3 |     5 |     3 ||    11
  Eat: Chunk             |     1 |     4 |       ||     5
       Ration            |       |     1 |     1 ||     2
Armor: Scale mail        |    62 |    88 |     5 ||   155
Dodge: Dodged            |    54 |    87 |     7 ||   148
